 Dungeon Crawl Stone Soup version 0.21.1-74-g47da925 (webtiles) character file.

8965 asishallab the Thaumaturge (level 11, -10/85 HPs)
             Began as a Gnoll Skald on Aug 11, 2018.
             Was an Elder of Okawaru.
             Killed from afar by a gargoyle (19 damage)
             ... with a stone arrow
             ... on level 11 of the Dungeon.
             The game lasted 00:43:26 (13017 turns).

asishallab the Thaumaturge (Gnoll Skald)           Turns: 13017, Time: 00:43:27

Health: -10/85     AC: 12    Str: 13    XL:     11   Next: 39%
Magic:  12/23      EV: 22    Int: 21    God:    Okawaru [****..]
Gold:   440        SH:  0    Dex: 18    Spells: 12/26 levels left

rFire    x . .     SeeInvis .   a - +2 hand axe (chop)
rCold    + . .     Gourm    .   (no shield)
rNeg     . . .     Faith    .   e - +3 leather armour
rPois    .         Spirit   .   D - +0 helmet
rElec    .         Reflect  .   E - +0 cloak
rCorr    .         Harm     .   L - +0 pair of gloves
MR       .....                  (no boots)
Stlth    +++++.....             (no amulet)
HPRegen  1.24/turn              h - ring of ice
MPRegen  0.18/turn              j - +5 ring of intelligence

@: heroism, shrouded, regenerating
A: distributed training, fangs 1, strong nose
a: Heroism, Renounce Religion


You were on level 11 of the Dungeon.
You worshipped Okawaru.
Okawaru was greatly pleased with you.
You were hungry.

You visited 2 branches of the dungeon, and saw 12 of its levels.

You collected 699 gold pieces.
You spent 259 gold pieces at shops.

Inventory:

Hand Weapons
 a - a +2 hand axe of chopping (weapon)
 b - a +0 hunting sling
 t - a +2 dagger of venom
 z - the +3 trident "Dieforch" {flame, +Fly rF+ rC+}
   (You found it on level 6 of the Dungeon)

   It has been specially enchanted to burn those struck by it, causing extra
   injury to most foes and up to half again as much damage against particularly
   susceptible opponents.
   It protects you from fire.
   It protects you from cold.
   It lets you fly.
 I - a +4 dagger
 K - a +4 war axe
Missiles
 m - 189 stones (quivered)
 F - 56 sling bullets
Armour
 e - a +3 leather armour (worn)
 D - a +0 helmet (worn)
 E - a +0 cloak (worn)
 L - a +0 pair of gloves (worn)
Jewellery
 h - a ring of ice (left hand)
 j - a +5 ring of intelligence (right hand)
 s - the amulet of Puing {RegenMP rPois Int+4, unknown}
   (You found it on level 10 of the Dungeon)

   [amulet of magic regeneration]

   It increases your magic regeneration.
   It affects your intelligence (+4).
   It protects you from poison.
 M - an uncursed ring of protection from fire {unknown}
Wands
 x - a wand of acid (14)
 C - a wand of disintegration (13)
 H - a wand of scattershot (6)
 J - a wand of paralysis (14)
Scrolls
 c - a scroll of fog
 g - 5 scrolls of enchant armour
 k - a scroll of immolation
 n - 2 scrolls of amnesia
 p - 9 scrolls of remove curse
 r - 4 scrolls of identify
 u - 2 scrolls of teleportation
 y - 3 scrolls of enchant weapon
 A - a scroll of blinking
Potions
 f - a potion of cancellation {unknown}
 i - a potion of might {unknown}
 l - 2 potions of brilliance
 o - a potion of resistance
 q - a potion of flight
 w - a potion of curing
 G - a potion of haste
Books
 B - a book of Misfortune

   Spells                             Type                      Level
   a - Confusing Touch                Hexes                        1
   b - Confuse                        Hexes                        3
   c - Gell's Gravitas                Translocation                3
   d - Petrify                        Transmutation/Earth          4
   e - Metabolic Englaciation         Hexes/Ice                    5
   f - Yara's Violent Unravelling     Hexes/Transmutation          5
Miscellaneous
 v - a fan of gales
Comestibles
 d - 13 rations


   Skills:
 + Level 7.7(12.7) Fighting
 + Level 6.1(11.1) Short Blades
 + Level 6.1(11.1) Long Blades
 + Level 7.7(12.7) Axes
 + Level 6.1(11.1) Maces & Flails
 + Level 6.1(11.1) Polearms
 + Level 6.1(11.1) Staves
 + Level 6.1(11.1) Slings
 + Level 6.1(11.1) Bows
 + Level 6.1(11.1) Crossbows
 + Level 6.1(11.1) Throwing
 + Level 6.7(11.7) Armour
 + Level 7.7(12.7) Dodging
 + Level 6.1(11.1) Stealth
 + Level 6.1(11.1) Shields
 + Level 6.1(11.1) Unarmed Combat
 + Level 8.0 Spellcasting
 + Level 5.1 Conjurations
 + Level 5.1 Hexes
 + Level 7.5 Charms
 + Level 5.1 Summonings
 + Level 5.1 Necromancy
 + Level 5.1 Translocations
 + Level 5.1 Transmutations
 + Level 5.1 Fire Magic
 + Level 5.1 Ice Magic
 + Level 5.1 Air Magic
 + Level 5.1 Earth Magic
 + Level 5.1 Poison Magic
 + Level 6.7 Invocations
 + Level 6.1 Evocations


You had 12 spell levels left.
You knew the following spells:

 Your Spells              Type           Power        Failure   Level  Hunger
a - Infusion              Chrm           ####         1%          1    None
b - Shroud of Golubria    Chrm/Tloc      #####.....   1%          2    None
c - Song of Slaying       Chrm           #####...     1%          2    None
d - Spectral Weapon       Hex/Chrm       #####...     1%          3    None
e - Regeneration          Chrm/Necr      #####.....   1%          3    None
f - Confuse               Hex            ####....     3%          3    None


Dungeon Overview and Level Annotations

Branches:
Dungeon (11/15)            Temple (1/1) D:5            Lair (0/6) D:8
    Orc (0/2) D:9

Altars:
Ashenzari
Cheibriados
Dithmenos
Elyvilon
Fedhas
Gozag
Hepliaklqana
Kikubaaqudgha
Makhleb
Nemelex Xobeh
Okawaru
Qazlal
Ru
Sif Muna
Trog
Uskayaw
Vehumet
Wu Jian
Xom
Yredelemnul
Zin
The Shining One
Beogh

Shops:
D:4 (   D:6 ?


Innate Abilities, Weirdness & Mutations

Your experience applies equally to all skills.
You have very sharp teeth.
Your uncanny sense of smell can sniff out nearby items.


Message History

* * * LOW HITPOINT WARNING * * *
You hit the gargoyle but do no damage.
You punch the gargoyle, but do no damage.
The gargoyle is heavily damaged.
You hit the gargoyle.
The gargoyle is severely damaged.
The gargoyle hurls a stone arrow at you.
The stone arrow misses you.
You completely miss the gargoyle. Your punch misses the gargoyle.
The gargoyle is severely damaged.
The gargoyle misses you.
You hit the gargoyle but do no damage.
The gargoyle is severely damaged.
Your skin stops crawling.
Casting: Shroud of Golubria
Confirm with . or Enter, or press ? or * to list all spells.
Your skin crawls.
The gargoyle hurls a stone arrow at you.
The stone arrow hits you!
You die...

.>........'.###.....
..........#..##.....
..........##..'.....
#######'#######...<.
######..# #.....
#......## #.....
#.###### ######
##'##### #...@9.#
#......+ #......#
#......# #......#
#......# #......#
#...$..#


You could see a gargoyle.

Vanquished Creatures
  2 two-headed ogres (D:8)
  Grinder (D:3)
  A hippogriff (D:7)
  Sigmund (D:5)
  2 basilisks (D:8)
  5 yaks (D:8)
  A wyvern (D:9)
  2 hungry ghosts
  Menkaure (D:6)
  3 porcupines (D:8)
  5 ice beasts
  2 phantoms
  5 orc warriors
  2 sky beasts
  A necrophage (D:9)
  4 ogres
  3 centaurs
  A crocodile (D:8)
  7 bullfrogs
  A wyvern zombie (D:9)
  6 scorpions
  8 killer bees
  5 wights (D:10)
  4 howler monkeys
  6 crimson imps
  3 bullfrog zombies
  2 jellies
  3 hounds
  A quasit (D:8)
  Crazy Yiuf (D:3)
  7 orc priests
  15 orc wizards
  2 bullfrog skeletons
  Jessica (D:3)
  Terence (D:3)
  3 iguanas
  5 worker ants
  3 hound skeletons
  A hound zombie (D:6)
  A howler monkey zombie (D:8)
  Robin (D:3)
  7 gnolls
  8 adders
  4 shadow imps
  2 adder zombies
  2 adder skeletons
  2 worms
  4 dart slugs
  5 leopard geckos
  40 orcs
  4 ball pythons (D:3)
  3 giant cockroaches
  22 goblins
  4 hobgoblins
  5 kobolds
  4 quokkas
  5 bats
  4 frilled lizards
  A jackal zombie (D:8)
  A leopard gecko skeleton (D:4)
  6 rats
262 creatures vanquished.

Vanquished Creatures (others)
  3 bushes (D:8)
  2 fungi (D:8)
  16 plants (D:8)
21 creatures vanquished.

Grand Total: 283 creatures vanquished

Notes
Turn   | Place    | Note
-------+----------+-------------------------------------------
     0 | D:1      | asishallab the Gnoll Skald began the quest for the Orb.
     0 | D:1      | Reached XP level 1. HP: 20/20 MP: 6/6
   383 | D:1      | Reached XP level 2. HP: 22/26 MP: 7/7
   749 | D:2      | Found a faded altar of an unknown god.
   872 | D:2      | Found a shimmering altar of Xom.
  1159 | D:2      | Reached XP level 3. HP: 31/31 MP: 9/9
  1166 | D:2      | Learned a level 2 spell: Shroud of Golubria
  1169 | D:2      | Learned a level 2 spell: Song of Slaying
  1173 | D:2      | Learned a level 3 spell: Spectral Weapon
  1177 | D:2      | Learned a level 3 spell: Regeneration
  1222 | D:2      | Reached skill level 5 in Spellcasting
  1584 | D:2      | Reached skill level 1 in Invocations
  1808 | D:3      | Reached skill level 1 in Short Blades
  1808 | D:3      | Reached skill level 1 in Long Blades
  1808 | D:3      | Reached skill level 1 in Maces & Flails
  1808 | D:3      | Reached skill level 1 in Polearms
  1808 | D:3      | Reached skill level 1 in Staves
  1808 | D:3      | Reached skill level 1 in Slings
  1808 | D:3      | Reached skill level 1 in Bows
  1808 | D:3      | Reached skill level 1 in Crossbows
  1808 | D:3      | Reached skill level 1 in Throwing
  1808 | D:3      | Reached skill level 1 in Stealth
  1808 | D:3      | Reached skill level 1 in Shields
  1808 | D:3      | Reached skill level 1 in Unarmed Combat
  1808 | D:3      | Reached skill level 1 in Evocations
  1816 | D:3      | Reached XP level 4. HP: 35/38 MP: 0/11
  1819 | D:3      | Noticed Robin
  1861 | D:3      | Killed Robin
  1885 | D:3      | Reached skill level 1 in Conjurations
  1885 | D:3      | Reached skill level 1 in Hexes
  1885 | D:3      | Reached skill level 1 in Summonings
  1885 | D:3      | Reached skill level 1 in Necromancy
  1885 | D:3      | Reached skill level 1 in Translocations
  1885 | D:3      | Reached skill level 1 in Transmutations
  1885 | D:3      | Reached skill level 1 in Fire Magic
  1885 | D:3      | Reached skill level 1 in Ice Magic
  1885 | D:3      | Reached skill level 1 in Air Magic
  1885 | D:3      | Reached skill level 1 in Earth Magic
  1885 | D:3      | Reached skill level 1 in Poison Magic
  1911 | D:3      | Reached XP level 5. HP: 6/43 MP: 2/12
  2374 | D:3      | Found a runed door.
  2534 | D:3      | Noticed Grinder
  2558 | D:3      | Paralysed by Grinder for 7 turns
  2569 | D:3      | Killed Grinder
  2569 | D:3      | Reached skill level 5 in Fighting
  2569 | D:3      | Reached skill level 5 in Axes
  2569 | D:3      | Reached skill level 5 in Dodging
  2569 | D:3      | Reached XP level 6. HP: 6/51 MP: 0/14
  3038 | D:3      | Noticed Jessica
  3052 | D:3      | Noticed Terence
  3057 | D:3      | Killed Jessica
  3062 | D:3      | Killed Terence
  3062 | D:3      | Reached XP level 7. HP: 55/56 MP: 9/15
  3237 | D:3      | Noticed Crazy Yiuf
  3243 | D:3      | Killed Crazy Yiuf
  4112 | D:4      | Found Siagidol's Weapon Emporium.
  4576 | D:5      | Entered Level 5 of the Dungeon
  4678 | D:5      | Noticed Sigmund
  4691 | D:5      | Killed Sigmund
  4691 | D:5      | Reached XP level 8. HP: 55/63 MP: 4/16
  4891 | D:5      | Found a staircase to the Ecumenical Temple.
  5175 | Temple   | Entered the Ecumenical Temple
  5209 | Temple   | Became a worshipper of Warmaster Okawaru
  5410 | D:5      | Reached skill level 6 in Spellcasting
  6218 | D:6      | Noticed Menkaure
  6219 | D:6      | Reached * piety under Okawaru
  6227 | D:6      | Killed Menkaure
  6227 | D:6      | Reached XP level 9. HP: 31/69 MP: 1/18
  6469 | D:6      | Got a crude trident
  6470 | D:6      | Identified the +3 trident "Dieforch" {flame, +Fly rF+ rC+} (You found it on level 6 of the Dungeon)
  6588 | D:6      | Found Nuwnuon's Magic Scroll Emporium.
  6593 | D:6      | Bought a scroll of identify for 26 gold pieces
  6593 | D:6      | Bought a scroll of remove curse for 39 gold pieces
  6593 | D:6      | Bought a scroll of enchant armour for 97 gold pieces
  6593 | D:6      | Bought a scroll of enchant armour for 97 gold pieces
  7283 | D:7      | Reached ** piety under Okawaru
  7318 | D:7      | Reached skill level 5 in Armour
  7998 | D:7      | Reached skill level 5 in Invocations
  8510 | D:7      | Reached *** piety under Okawaru
  8890 | D:7      | Found a hazy altar of Hepliaklqana.
  9031 | D:8      | Noticed a two-headed ogre
  9052 | D:8      | Killed a two-headed ogre
  9052 | D:8      | Reached skill level 7 in Spellcasting
  9052 | D:8      | Reached XP level 10. HP: 38/77 MP: 3/20
  9057 | D:8      | Reached skill level 5 in Short Blades
  9057 | D:8      | Reached skill level 5 in Long Blades
  9057 | D:8      | Reached skill level 5 in Maces & Flails
  9057 | D:8      | Reached skill level 5 in Polearms
  9057 | D:8      | Reached skill level 5 in Staves
  9057 | D:8      | Reached skill level 5 in Slings
  9057 | D:8      | Reached skill level 5 in Bows
  9057 | D:8      | Reached skill level 5 in Crossbows
  9057 | D:8      | Reached skill level 5 in Throwing
  9057 | D:8      | Reached skill level 5 in Stealth
  9057 | D:8      | Reached skill level 5 in Shields
  9057 | D:8      | Reached skill level 5 in Unarmed Combat
  9057 | D:8      | Reached skill level 5 in Evocations
  9545 | D:8      | Reached **** piety under Okawaru
  9804 | D:8      | Found a staircase to the Lair.
 10867 | D:8      | Noticed a two-headed ogre
 10889 | D:8      | Killed a two-headed ogre
 10889 | D:8      | Received a gift from Okawaru
 10889 | D:8      | Reached ***** piety under Okawaru
 10889 | D:8      | Reached XP level 11. HP: 34/84 MP: 9/22
 11363 | D:9      | Received a gift from Okawaru
 11621 | D:9      | Learned a level 3 spell: Confuse
 11936 | D:9      | Found a staircase to the Orcish Mines.
 11980 | D:9      | Found a roughly hewn altar of Beogh.
 12059 | D:10     | Entered Level 10 of the Dungeon
 12098 | D:10     | Reached skill level 5 in Conjurations
 12098 | D:10     | Reached skill level 5 in Hexes
 12098 | D:10     | Reached skill level 5 in Summonings
 12098 | D:10     | Reached skill level 5 in Necromancy
 12098 | D:10     | Reached skill level 5 in Translocations
 12098 | D:10     | Reached skill level 5 in Transmutations
 12098 | D:10     | Reached skill level 5 in Fire Magic
 12098 | D:10     | Reached skill level 5 in Ice Magic
 12098 | D:10     | Reached skill level 5 in Air Magic
 12098 | D:10     | Reached skill level 5 in Earth Magic
 12098 | D:10     | Reached skill level 5 in Poison Magic
 12372 | D:10     | Reached skill level 8 in Spellcasting
 12846 | D:10     | Got a translucent sapphire amulet
 13017 | D:11     | Killed from afar by a gargoyle

Skill      XL: |  1  2  3  4  5  6  7  8  9 10 11 |
---------------+----------------------------------+-----
Spellcasting   | 5 6 7 8 |  8.0
Invocations    | 1 2 3 4 5 6 |  6.7
Short Blades   | 1 2 3 4 5 6 |  6.1
Long Blades    | 1 2 3 4 5 6 |  6.1
Maces & Flails | 1 2 3 4 5 6 |  6.1
Polearms       | 1 2 3 4 5 6 |  6.1
Staves         | 1 2 3 4 5 6 |  6.1
Slings         | 1 2 3 4 5 6 |  6.1
Bows           | 1 2 3 4 5 6 |  6.1
Crossbows      | 1 2 3 4 5 6 |  6.1
Throwing       | 1 2 3 4 5 6 |  6.1
Stealth        | 1 2 3 4 5 6 |  6.1
Shields        | 1 2 3 4 5 6 |  6.1
Unarmed Combat | 1 2 3 4 5 6 |  6.1
Evocations     | 1 2 3 4 5 6 |  6.1
Conjurations   | 1 2 3 4 5 |  5.1
Hexes          | 1 2 3 4 5 |  5.1
Summonings     | 1 2 3 4 5 |  5.1
Necromancy     | 1 2 3 4 5 |  5.1
Translocations | 1 2 3 4 5 |  5.1
Transmutations | 1 2 3 4 5 |  5.1
Fire Magic     | 1 2 3 4 5 |  5.1
Ice Magic      | 1 2 3 4 5 |  5.1
Air Magic      | 1 2 3 4 5 |  5.1
Earth Magic    | 1 2 3 4 5 |  5.1
Poison Magic   | 1 2 3 4 5 |  5.1
Armour         | 3 4 5 6 |  6.7
Fighting       | 5 6 7 |  7.7
Axes           | 5 6 7 |  7.7
Dodging        | 5 6 7 |  7.7
Charms         | 6 7 |  7.5

Action                   |  1- 3 |  4- 6 |  7- 9 | 10-12 || total
-------------------------+-------+-------+-------+-------++-------
Melee: Hand axe          |    98 |   157 |   267 |   346 ||   868
       Bite              |     8 |    14 |    49 |    79 ||   150
       Dagger            |       |    22 |    40 |   164 ||   226
       Punch             |       |       |     7 |    35 ||    42
       Trident           |       |       |    38 |       ||    38
 Fire: Hunting sling     |       |    12 |    25 |    46 ||    83
       Shortbow          |       |       |    20 |     5 ||    25
Throw: Stone             |     4 |     2 |       |       ||     6
 Cast: Shroud of Golubri |     1 |     6 |    17 |    18 ||    42
       Regeneration      |     1 |     3 |    13 |    20 ||    37
       Infusion          |     1 |     1 |     4 |     4 ||    10
       Song of Slaying   |     1 |     1 |    12 |     5 ||    19
       Confuse           |       |       |       |     4 ||     4
Invok: Heroism           |       |       |     3 |     9 ||    12
       Finesse           |       |       |       |     1 ||     1
  Use: Potion            |     6 |       |     3 |       ||     9
       Scroll            |     3 |     2 |     6 |     1 ||    12
 Stab: Sleeping          |     1 |       |     6 |     6 ||    13
       Distracted        |       |       |       |     1 ||     1
       Confused          |       |       |       |     1 ||     1
  Eat: Chunk             |     3 |     1 |    11 |     9 ||    24
       Ration            |       |     1 |     4 |     3 ||     8
Armor: Ring mail         |    35 |    61 |       |       ||    96
       Leather armour    |       |       |   132 |   100 ||   232
Dodge: Dodged            |    64 |   132 |   384 |   397 ||   977
